3L
CAPITAL DISTRICT RED KNIGHTS @ BUCKHEAD BOWTIES
07/28/2028
 
TOP OF THE 1ST
Capital District Red Knights batting - Pitching for Buckhead Bowties : LHP Ramón Torres
Pitching: LHP Ramón Torres
Batting: RHB Mario Álvarez 0-0: Ball
1-0: Swinging Strike
1-1: Ball
2-1: Foul Ball, location: 2F
2-2: Ball
3-2: Ground out 4-3 (Groundball, 4M)
Batting: RHB Pedro Álvarez 0-0: Called Strike
0-1: SINGLE (Flyball, 8RS)
Batting: RHB Sergio Ortíz 0-0: Ball
1-0: Called Strike
1-1: Fly out, F8 (Flyball, 8LXD)
Batting: RHB Arnold Giroux 0-0: Called Strike
0-1: Called Strike
0-2: Foul Ball, location: 2F
0-2: Ball
1-2: Fly out, F6 (Popup, 5D)
Top of the 1st over - 0 run(s), 1 hit(s), 0 error(s), 1 left on base; Capital District 0 - Buckhead 0
BOTTOM OF THE 1ST
Buckhead Bowties batting - Pitching for Capital District Red Knights : RHP Raúl Luna
Pitching: RHP Raúl Luna
Batting: RHB Mesa Altuve 0-0: Fly out, F8 (Flyball, 8LM)
Batting: RHB Al Thomas 0-0: Ball
1-0: Ball
2-0: Called Strike
2-1: Foul Ball, location: 2F
2-2: Foul Ball, location: 2F
2-2: Ground out 6-3 (Groundball, 6)
Batting: RHB Pat Ings 0-0: Called Strike
0-1: Called Strike
0-2: Strikes out looking
Bottom of the 1st over - 0 run(s), 0 hit(s), 0 error(s), 0 left on base; Capital District 0 - Buckhead 0
TOP OF THE 2ND
Capital District Red Knights batting - Pitching for Buckhead Bowties : LHP Ramón Torres
Batting: RHB José Paz 0-0: Foul Ball, location: 2F
0-1: Ground out 5-3 (Groundball, 56)
Batting: LHB Francisco Sánchez 0-0: Ball
1-0: Swinging Strike
1-1: Foul Ball, location: 2F
1-2: Ball
2-2: Foul Ball, location: 2F
2-2: Foul Ball, location: 2F
2-2: Ground out 6-3 (Groundball, 6M)
Batting: RHB Randy Tucker 0-0: Ball
1-0: Fly out, F8 (Flyball, 8LM)
Top of the 2nd over - 0 run(s), 0 hit(s), 0 error(s), 0 left on base; Capital District 0 - Buckhead 0
BOTTOM OF THE 2ND
Buckhead Bowties batting - Pitching for Capital District Red Knights : RHP Raúl Luna
Batting: RHB Raúl Ruíz 0-0: Ground out 6-3 (Groundball, 6S)
Batting: LHB Gregg Young 0-0: Ball
1-0: Ball
2-0: Foul Ball, location: 2F
2-1: Ball
3-1: Foul Ball, location: 2F
3-2: Base on Balls
Batting: RHB Ricardo Cardenas 0-0: Ball
1-0: Called Strike
1-1: Called Strike
1-2: Strikes out swinging
Batting: RHB Mike Burns 0-0: Ball
1-0: Fly out, F4 (Flyball, 34D)
Bottom of the 2nd over - 0 run(s), 0 hit(s), 0 error(s), 1 left on base; Capital District 0 - Buckhead 0
TOP OF THE 3RD
Capital District Red Knights batting - Pitching for Buckhead Bowties : LHP Ramón Torres
Batting: RHB Alfonso Enríquez 0-0: Called Strike
0-1: Ball
1-1: Ball
2-1: Foul Ball, location: 2F
2-2: Fly out, F5 (Line Drive, 5)
Batting: RHB Leo Cadden 0-0: Ball
1-0: Foul Ball, location: 2F
1-1: Swinging Strike
1-2: Strikes out swinging
Batting: RHB Mario Álvarez 0-0: SINGLE (Line Drive, 34D)
Batting: RHB Pedro Álvarez 0-0: Ball
1-0: Ball
2-0: SINGLE (Line Drive, 89S)
Mario Álvarez to second
Batting: RHB Sergio Ortíz 0-0: Reached on error, E4 (Groundball, 4)
Mario Álvarez to third
Pedro Álvarez to second
Batting: RHB Arnold Giroux 0-0: Called Strike
0-1: Hit by Pitch
Mario Álvarez scores
Pedro Álvarez to third
Sergio Ortíz to second
Batting: RHB José Paz 0-0: Ball
1-0: DOUBLE (Line Drive, 89D)
Pedro Álvarez scores
Sergio Ortíz scores
Arnold Giroux to third
Runner from 3rd tries for Home, SAFE, no throw
Batting: LHB Francisco Sánchez 0-0: Called Strike
0-1: Foul Ball, location: 2F
0-2: Foul Ball, location: 2F
0-2: SINGLE (Groundball, 3D)
José Paz to third
Runner from 3rd tries for Home, SAFE, no throw
Batting: RHB Randy Tucker 0-0: Swinging Strike
0-1: Foul Ball, location: 2F
0-2: Ball
1-2: Ball
2-2: Strikes out swinging
Top of the 3rd over - 5 run(s), 4 hit(s), 1 error(s), 1 left on base; Capital District 5 - Buckhead 0
BOTTOM OF THE 3RD
Buckhead Bowties batting - Pitching for Capital District Red Knights : RHP Raúl Luna
Batting: RHB Juan Carlos Cruz 0-0: Called Strike
0-1: Ball
1-1: Ball
2-1: Ball
3-1: Called Strike
3-2: Foul Ball, location: 2F
3-2: Base on Balls
Batting: RHB Won-min Yi 0-0: Called Strike
0-1: Foul Ball, location: 2F
0-2: Ball
1-2: SINGLE (Line Drive, 6MD)
Juan Carlos Cruz to second
Batting: RHB Mesa Altuve 0-0: Fielders Choice at 2nd, 4-6 (Groundball, 4)
Juan Carlos Cruz to third
Batting: RHB Al Thomas 0-0: Called Strike
0-1: Ball
1-1: Fly out, F9 (Flyball, 9)
Runner from 3rd tags up, SCORES, throw made
Batting: RHB Pat Ings 0-0: Ball
1-0: Ball
2-0: Fielders Choice at 2nd, 6-4 (Groundball, 6)
Bottom of the 3rd over - 1 run(s), 1 hit(s), 0 error(s), 0 left on base; Capital District 5 - Buckhead 1
TOP OF THE 4TH
Capital District Red Knights batting - Pitching for Buckhead Bowties : LHP Ramón Torres
Batting: RHB Alfonso Enríquez 0-0: Foul Ball, location: 2F
0-1: Foul Ball, location: 2F
0-2: Foul Ball, location: 2F
0-2: Foul Ball, location: 2F
0-2: Strikes out swinging
Batting: RHB Leo Cadden 0-0: Ground out 5-3 (Groundball, 56)
Batting: RHB Mario Álvarez 0-0: Ball
1-0: Ground out 6-3 (Groundball, 6)
Top of the 4th over - 0 run(s), 0 hit(s), 0 error(s), 0 left on base; Capital District 5 - Buckhead 1
BOTTOM OF THE 4TH
Buckhead Bowties batting - Pitching for Capital District Red Knights : RHP Raúl Luna
Batting: RHB Raúl Ruíz 0-0: Ball
1-0: Hit by Pitch
Batting: LHB Gregg Young 0-0: Called Strike
0-1: Ball
1-1: Ball
2-1: Ball
3-1: Foul Ball, location: 2F
3-2: Foul Ball, location: 2F
3-2: Grounds into double play, 6-4-3 (Groundball, 6)
Batting: RHB Ricardo Cardenas 0-0: Ball
1-0: SOLO HOME RUN (Flyball, 7LD), Distance : 359 ft
Batting: RHB Mike Burns 0-0: Foul Ball, location: 2F
0-1: Ball
1-1: Fly out, F5 (Line Drive, 56)
Bottom of the 4th over - 1 run(s), 1 hit(s), 0 error(s), 0 left on base; Capital District 5 - Buckhead 2
TOP OF THE 5TH
Capital District Red Knights batting - Pitching for Buckhead Bowties : LHP Ramón Torres
Batting: RHB Pedro Álvarez 0-0: Ball
1-0: SINGLE (Groundball, 6MD)
Batting: RHB Sergio Ortíz 0-0: Ball
1-0: Grounds into double play, 5-4-3 (Groundball, 5)
Batting: RHB Arnold Giroux 0-0: Ball
1-0: Ball
2-0: Ball
3-0: Base on Balls
Batting: RHB José Paz 0-0: Ball
1-0: Swinging Strike
1-1: SINGLE (Flyball, 8LS)
Arnold Giroux to second
Runner from 2nd tries for 3rd, SAFE, throw made to third
Batting: LHB Francisco Sánchez 0-0: Ball
1-0: Called Strike
1-1: Foul Ball, location: 2F
1-2: Foul Ball, location: 2F
1-2: Foul Ball, location: 2F
1-2: Fly out, F5 (Line Drive, 56S)
Top of the 5th over - 0 run(s), 2 hit(s), 0 error(s), 2 left on base; Capital District 5 - Buckhead 2
BOTTOM OF THE 5TH
Buckhead Bowties batting - Pitching for Capital District Red Knights : RHP Raúl Luna
Batting: RHB Juan Carlos Cruz 0-0: Ball
1-0: Foul Ball, location: 2F
1-1: Foul Ball, location: 2F
1-2: Foul Ball, location: 2F
1-2: Ball
2-2: Ball
3-2: Base on Balls
Batting: RHB Won-min Yi 0-0: Ball
1-0: Grounds into double play, 4-6-3 (Groundball, 4)
Batting: RHB Mesa Altuve 0-0: Called Strike
0-1: Ball
1-1: Ball
2-1: Ball
3-1: Ground out 6-3 (Groundball, 56)
Bottom of the 5th over - 0 run(s), 0 hit(s), 0 error(s), 0 left on base; Capital District 5 - Buckhead 2
TOP OF THE 6TH
Capital District Red Knights batting - Pitching for Buckhead Bowties : LHP Ramón Torres
Batting: RHB Randy Tucker 0-0: Foul Ball, location: 2F
0-1: Foul Ball, location: 2F
0-2: Ball
1-2: Ground out 4-3 (Groundball, 4)
Batting: RHB Alfonso Enríquez 0-0: Called Strike
0-1: Ball
1-1: Ball
2-1: Swinging Strike
2-2: SINGLE (Line Drive, 6D)
Batting: RHB Leo Cadden 0-0: Called Strike
0-1: Swinging Strike
0-2: Ball
1-2: Ball
2-2: Grounds into double play, 4-6-3 (Groundball, 4M)
Top of the 6th over - 0 run(s), 1 hit(s), 0 error(s), 0 left on base; Capital District 5 - Buckhead 2
BOTTOM OF THE 6TH
Buckhead Bowties batting - Pitching for Capital District Red Knights : RHP Raúl Luna
Batting: RHB Al Thomas 0-0: Swinging Strike
0-1: Foul Ball, location: 2F
0-2: Strikes out swinging
Batting: RHB Pat Ings 0-0: Swinging Strike
0-1: Called Strike
0-2: Foul Ball, location: 2F
0-2: Ball
1-2: Strikes out swinging
Batting: RHB Raúl Ruíz 0-0: SINGLE (Line Drive, 6D)
Batting: LHB Gregg Young 0-0: Ball
1-0: 2-RUN HOME RUN (Flyball, 8RXD), Distance : 434 ft
Batting: RHB Ricardo Cardenas 0-0: Foul Ball, location: 2F
0-1: Swinging Strike
0-2: Ball
1-2: Ball
2-2: Ground out 6-3 (Groundball, 6S)
Bottom of the 6th over - 2 run(s), 2 hit(s), 0 error(s), 0 left on base; Capital District 5 - Buckhead 4
TOP OF THE 7TH
Capital District Red Knights batting - Pitching for Buckhead Bowties : LHP Ramón Torres
Batting: RHB Mario Álvarez 0-0: Foul Ball, location: 2F
0-1: Ball
1-1: Ball
2-1: Ground out 4-3 (Groundball, 4)
Batting: RHB Pedro Álvarez 0-0: Ball
1-0: Foul Ball, location: 2F
1-1: Foul Ball, location: 2F
1-2: Foul Ball, location: 2F
1-2: Strikes out looking
Batting: RHB Sergio Ortíz 0-0: Called Strike
0-1: Ball
1-1: Fly out, F8 (Flyball, 89D)
Top of the 7th over - 0 run(s), 0 hit(s), 0 error(s), 0 left on base; Capital District 5 - Buckhead 4
BOTTOM OF THE 7TH
Buckhead Bowties batting - Pitching for Capital District Red Knights : RHP Raúl Luna
Batting: RHB Mike Burns 0-0: Foul Ball, location: 2F
0-1: Called Strike
0-2: Strikes out looking
Batting: RHB Juan Carlos Cruz 0-0: Fly out, F9 (Flyball, 9S)
Batting: RHB Won-min Yi 0-0: Ball
1-0: Foul Ball, location: 2F
1-1: Called Strike
1-2: Foul Ball, location: 2F
1-2: Ground out 4-3 (Groundball, 4)
Bottom of the 7th over - 0 run(s), 0 hit(s), 0 error(s), 0 left on base; Capital District 5 - Buckhead 4
TOP OF THE 8TH
Capital District Red Knights batting - Pitching for Buckhead Bowties : LHP Ramón Torres
Pitching: RHP Kyle Buckman
Batting: RHB Arnold Giroux 0-0: Called Strike
0-1: Ball
1-1: Hit by Pitch
Batting: RHB José Paz 0-0: Called Strike
0-1: SINGLE (Line Drive, 34D)
Arnold Giroux to second
Runner from 2nd tries for 3rd, SAFE, no throw
Batting: LHB Francisco Sánchez 0-0: Ball
1-0: Foul Ball, location: 2F
1-1: Called Strike
1-2: Ball
2-2: Ball
3-2: Base on Balls
José Paz to second
Pinch Hitting: LHB William O'Keefe 0-0: Ball
1-0: Called Strike
1-1: Called Strike
1-2: Foul Ball, location: 2F
1-2: Ball
2-2: Strikes out swinging
Batting: RHB Alfonso Enríquez 0-0: Ball
1-0: Called Strike
1-1: SINGLE (Groundball, 34)
Arnold Giroux scores
José Paz to third
Francisco Sánchez to second
Batting: RHB Leo Cadden 0-0: Ball
1-0: Swinging Strike
1-1: Fly out, F8 (Flyball, 8RM)
Runner from 3rd tags up, SCORES, throw made
Batting: RHB Mario Álvarez 0-0: Called Strike
0-1: Swinging Strike
0-2: Foul Ball, location: 2F
0-2: Ball
1-2: Strikes out swinging
Top of the 8th over - 2 run(s), 2 hit(s), 0 error(s), 2 left on base; Capital District 7 - Buckhead 4
BOTTOM OF THE 8TH
Buckhead Bowties batting - Pitching for Capital District Red Knights : RHP Raúl Luna
Now in RF: William O'Keefe
Batting: RHB Mesa Altuve 0-0: Swinging Strike
0-1: Ball
1-1: Ball
2-1: DOUBLE (Groundball, 5L)
Batting: RHB Al Thomas 0-0: Called Strike
0-1: Ground out 5-3 (Groundball, 56)
Batting: RHB Pat Ings 0-0: Ball
1-0: Ball
2-0: Called Strike
2-1: Fly out, F8 (Flyball, 8RM)
Batting: RHB Raúl Ruíz 0-0: Ball
1-0: Called Strike
1-1: Swinging Strike
1-2: Ball
2-2: Strikes out swinging
Bottom of the 8th over - 0 run(s), 1 hit(s), 0 error(s), 1 left on base; Capital District 7 - Buckhead 4
TOP OF THE 9TH
Capital District Red Knights batting - Pitching for Buckhead Bowties : RHP Kyle Buckman
Batting: RHB Pedro Álvarez 0-0: Foul Ball, location: 2F
0-1: Ground out 5-3 (Groundball, 56)
Pitching: RHP Frank Walker
Batting: RHB Sergio Ortíz 0-0: Ball
1-0: Foul Ball, location: 2F
1-1: Ball
2-1: Ball
3-1: Base on Balls
Batting: RHB Arnold Giroux 0-0: Called Strike
0-1: Swinging Strike
0-2: Ball
1-2: SINGLE (Flyball, 9LS)
Sergio Ortíz to second
Runner from 2nd tries for 3rd, SAFE, throw made to third
Arnold Giroux to second
Batting: RHB José Paz 0-0: Ball
1-0: Swinging Strike
1-1: Fly out, F8 (Flyball, 8LS)
Batting: LHB Francisco Sánchez 0-0: Ball
1-0: Swinging Strike
1-1: Ball
2-1: Foul Ball, location: 2F
2-2: Ball
3-2: Strikes out swinging
Top of the 9th over - 0 run(s), 1 hit(s), 0 error(s), 2 left on base; Capital District 7 - Buckhead 4
BOTTOM OF THE 9TH
Buckhead Bowties batting - Pitching for Capital District Red Knights : RHP Raúl Luna
Batting: LHB Gregg Young 0-0: Ball
1-0: Swinging Strike
1-1: Swinging Strike
1-2: SINGLE (Flyball, 8RS)
Pitching: LHP Miguel Toro
Batting: RHB Ricardo Cardenas 0-0: Called Strike
0-1: Swinging Strike
0-2: Strikes out looking
Batting: RHB Mike Burns 0-0: Called Strike
0-1: Foul Ball, location: 2F
0-2: Grounds into double play, 6-4-3 (Groundball, 6)
Bottom of the 9th over - 0 run(s), 1 hit(s), 0 error(s), 0 left on base; Capital District 7 - Buckhead 4
Monday, August 21st, 2017 - OOTP Baseball 17.12 Build 75